TOP OF THE 1ST |
University of South Carolina Gamecocks batting - Pitching for Rice University Owls : RHP Daniel Bushby
|
Pitching: RHP Daniel Bushby
|
|
Batting: RHB Justin Kurutz
|
0-0: Ball 1-0: Called Strike 1-1: Ball 2-1: Ball 3-1: Ground out 3-1 (Groundball, 34, EV 85.6 MPH)
|
Batting: LHB Bert Webster
|
0-0: Ball 1-0: Foul Ball, location: 2F 1-1: Foul Ball, location: 2F 1-2: Ball 2-2: Ball 3-2: Foul Ball, location: 2F 3-2: Fly out, F7 (Flyball, 78D, EV 101.2 MPH)
|
Batting: SHB Keith Mihas
|
0-0: Ball 1-0: Foul Ball, location: 2F 1-1: Foul Ball, location: 2F 1-2: Ball 2-2: Ball 3-2: Foul Ball, location: 2F 3-2: Ground out 4-3 (Groundball, 34D, EV 83.8 MPH)
|
Top of the 1st over - 0 runs, 0 hits, 0 errors, 0 left on base; University of South Carolina 0 - Rice University 0 |
BOTTOM OF THE 1ST |
Rice University Owls batting - Pitching for University of South Carolina Gamecocks : RHP Chris Sisko
|
Pitching: RHP Chris Sisko
|
|
Batting: SHB Wendel van Baal
|
0-0: Ball 1-0: Swinging Strike 1-1: Foul Ball, location: 2F 1-2: Ball 2-2: SINGLE (Line Drive, 6MD, EV 98.1 MPH)
|
Batting: RHB Alex Alvarez
|
0-0: Fielders Choice at 2nd, 4-6 (Groundball, 4, EV 77.5 MPH)
|
Batting: RHB Jose Soto
|
0-0: Fly out, F9 (Flyball, 9, EV 80.0 MPH)
|
Batting: SHB Ken Wilson
|
0-0: Ball 1-0: Foul Ball, location: 2F 1-1: Ball 2-1: Ball 3-1: Base on Balls Alex Alvarez to second
|
Batting: LHB Chris Gonzales
|
0-0: Ball 1-0: Ball 2-0: Swinging Strike 2-1: Called Strike 2-2: SINGLE (Groundball, 6M, EV 84.4 MPH) (infield hit) Alex Alvarez to third Ken Wilson to second
|
Batting: SHB Dave Van Sickle
|
0-0: Ball 1-0: Swinging Strike 1-1: Called Strike 1-2: Reached on error, E3 (Groundball, 13, EV 87.5 MPH) Alex Alvarez scores Ken Wilson to third Chris Gonzales to second
|
Batting: RHB Bill Turcotte
|
0-0: Foul Ball, location: 2F 0-1: Swinging Strike 0-2: Strikes out looking
|
Bottom of the 1st over - 1 run, 2 hits, 1 error, 3 left on base; University of South Carolina 0 - Rice University 1 |
TOP OF THE 2ND |
University of South Carolina Gamecocks batting - Pitching for Rice University Owls : RHP Daniel Bushby
|
Batting: LHB Chris McNay
|
0-0: Ball 1-0: Ball 2-0: Called Strike 2-1: Swinging Strike 2-2: Ball 3-2: Fly out, F8 (Flyball, 89M, EV 88.8 MPH)
|
Batting: RHB Brian Passalacqua
|
0-0: Called Strike 0-1: Foul Ball, location: 2F 0-2: Ball 1-2: Strikes out swinging
|
Batting: LHB David Fowler
|
0-0: Ball 1-0: DOUBLE (Flyball, 89XD, EV 114.4 MPH)
|
Batting: RHB Phil Hanley
|
0-0: Ball 1-0: Ball 2-0: Reached on error, E6 (Groundball, 56, EV 104.4 MPH) David Fowler to third
|
Batting: RHB Jeff Swanson
|
0-0: Foul Ball, location: 2F 0-1: Called Strike 0-2: Foul Ball, location: 2F 0-2: Foul Ball, location: 2F 0-2: Fly out, F7 (Flyball, 7, EV 86.9 MPH)
|
Top of the 2nd over - 0 runs, 1 hit, 1 error, 2 left on base; University of South Carolina 0 - Rice University 1 |
BOTTOM OF THE 2ND |
Rice University Owls batting - Pitching for University of South Carolina Gamecocks : RHP Chris Sisko
|
Batting: RHB Javier Quinones
|
0-0: Ball 1-0: Fly out, F8 (Flyball, 8LS, EV 81.9 MPH)
|
Batting: RHB Emanuel Pulido
|
0-0: Ball 1-0: Fly out, F8 (Flyball, 8RD, EV 86.2 MPH)
|
Batting: SHB Wendel van Baal
|
0-0: Ball 1-0: Ball 2-0: Called Strike 2-1: Ground out U3 (Groundball, 3, EV 82.5 MPH)
|
Bottom of the 2nd over - 0 runs, 0 hits, 0 errors, 0 left on base; University of South Carolina 0 - Rice University 1 |
TOP OF THE 3RD |
University of South Carolina Gamecocks batting - Pitching for Rice University Owls : RHP Daniel Bushby
|
Batting: RHB Ben Turner
|
0-0: Ground out 6-3 (Groundball, 56, EV 85.6 MPH)
|
Batting: RHB Justin Kurutz
|
0-0: Called Strike 0-1: Ball 1-1: Called Strike 1-2: Strikes out swinging
|
Batting: LHB Bert Webster
|
0-0: Called Strike 0-1: Ball 1-1: Ball 2-1: Fly out, F7 (Flyball, 7, EV 90.6 MPH)
|
Top of the 3rd over - 0 runs, 0 hits, 0 errors, 0 left on base; University of South Carolina 0 - Rice University 1 |
BOTTOM OF THE 3RD |
Rice University Owls batting - Pitching for University of South Carolina Gamecocks : RHP Chris Sisko
|
Batting: RHB Alex Alvarez
|
0-0: Ball 1-0: Called Strike 1-1: Ball 2-1: Fly out, F9 (Flyball, 9D, EV 91.9 MPH)
|
Batting: RHB Jose Soto
|
0-0: Called Strike 0-1: Ball 1-1: Ball 2-1: Ball 3-1: Foul Ball, location: 2F 3-2: Foul Ball, location: 2F 3-2: Base on Balls
|
Batting: SHB Ken Wilson
|
0-0: Ball 1-0: Called Strike 1-1: Called Strike 1-2: Foul Ball, location: 2F 1-2: Strikes out swinging
|
Batting: LHB Chris Gonzales
|
0-0: Ball 1-0: Ball 2-0: Foul Ball, location: 2F 2-1: Ball 3-1: Base on Balls Jose Soto to second
|
Batting: SHB Dave Van Sickle
|
0-0: Swinging Strike 0-1: Called Strike 0-2: Foul Ball, location: 2F 0-2: Strikes out swinging
|
Bottom of the 3rd over - 0 runs, 0 hits, 0 errors, 2 left on base; University of South Carolina 0 - Rice University 1 |
TOP OF THE 4TH |
University of South Carolina Gamecocks batting - Pitching for Rice University Owls : RHP Daniel Bushby
|
Batting: SHB Keith Mihas
|
0-0: Called Strike 0-1: Ball 1-1: Ball 2-1: Called Strike 2-2: Fly out, F8 (Flyball, 8LXD, EV 90.0 MPH)
|
Batting: LHB Chris McNay
|
0-0: Swinging Strike 0-1: Called Strike 0-2: Foul Ball, location: 2F 0-2: Ball 1-2: Ball 2-2: Strikes out swinging
|
Batting: RHB Brian Passalacqua
|
0-0: Swinging Strike 0-1: Ball 1-1: Ball 2-1: Ball 3-1: Foul Ball, location: 2F 3-2: Ground out 6-3 (Groundball, 56, EV 101.2 MPH)
|
Top of the 4th over - 0 runs, 0 hits, 0 errors, 0 left on base; University of South Carolina 0 - Rice University 1 |
BOTTOM OF THE 4TH |
Rice University Owls batting - Pitching for University of South Carolina Gamecocks : RHP Chris Sisko
|
Batting: RHB Bill Turcotte
|
0-0: Called Strike 0-1: Ball 1-1: SOLO HOME RUN (Flyball, 7D, EV 99.4 MPH), Distance : 373 ft
|
Batting: RHB Javier Quinones
|
0-0: Ball 1-0: Ball 2-0: Ground out 4-3 (Groundball, 4M, EV 85.6 MPH)
|
Batting: RHB Emanuel Pulido
|
0-0: Ball 1-0: Foul Ball, location: 2F 1-1: Ball 2-1: DOUBLE (Groundball, 5L, EV 108.1 MPH)
|
Batting: SHB Wendel van Baal
|
0-0: Fly out, F9 (Line Drive, 89M, EV 108.1 MPH)
|
Batting: RHB Alex Alvarez
|
0-0: Fly out, F8 (Flyball, 8RD, EV 90.0 MPH)
|
Bottom of the 4th over - 1 run, 2 hits, 0 errors, 1 left on base; University of South Carolina 0 - Rice University 2 |
TOP OF THE 5TH |
University of South Carolina Gamecocks batting - Pitching for Rice University Owls : RHP Daniel Bushby
|
Batting: LHB David Fowler
|
0-0: Ball 1-0: Called Strike 1-1: Foul Ball, location: 2F 1-2: Ball 2-2: Foul Ball, location: 2F 2-2: Ball 3-2: Base on Balls
|
Batting: RHB Phil Hanley
|
0-0: Foul Ball, location: 2F 0-1: Ball 1-1: Swinging Strike 1-2: Strikes out swinging
|
Batting: RHB Jeff Swanson
|
0-0: Foul Ball, location: 2F 0-1: Ball 1-1: Swinging Strike 1-2: Grounds into double play, 4-6-3 (Groundball, 34, EV 76.2 MPH)
|
Top of the 5th over - 0 runs, 0 hits, 0 errors, 0 left on base; University of South Carolina 0 - Rice University 2 |
BOTTOM OF THE 5TH |
Rice University Owls batting - Pitching for University of South Carolina Gamecocks : RHP Chris Sisko
|
Batting: RHB Jose Soto
|
0-0: Called Strike 0-1: Foul Ball, location: 2F 0-2: Ball 1-2: Ball 2-2: Foul Ball, location: 2F 2-2: Foul Ball, location: 2F 2-2: DOUBLE (Line Drive, 89D, EV 105.0 MPH)
|
Batting: SHB Ken Wilson
|
0-0: Fly out, F9 (Flyball, 9LM, EV 87.5 MPH)
|
Batting: LHB Chris Gonzales
|
0-0: Called Strike 0-1: Ground out 1-3 (Groundball, 13S, EV 75.0 MPH) Jose Soto to third
|
Batting: SHB Dave Van Sickle
|
0-0: Called Strike 0-1: Ball 1-1: Called Strike 1-2: Ball 2-2: Ground out 5-3 (Groundball, 56, EV 85.0 MPH)
|
Bottom of the 5th over - 0 runs, 1 hit, 0 errors, 1 left on base; University of South Carolina 0 - Rice University 2 |
TOP OF THE 6TH |
University of South Carolina Gamecocks batting - Pitching for Rice University Owls : RHP Daniel Bushby
|
Pitching: RHP Bill Lightheart
|
|
Batting: RHB Ben Turner
|
0-0: Called Strike 0-1: Ground out 6-3 (Groundball, 6, EV 90.6 MPH)
|
Batting: RHB Justin Kurutz
|
0-0: Ball 1-0: SOLO HOME RUN (Flyball, 7D, EV 100.6 MPH), Distance : 375 ft
|
Batting: LHB Bert Webster
|
0-0: Ball 1-0: Called Strike 1-1: Ball 2-1: Foul Ball, location: 2F 2-2: Ground out U3 (Groundball, 34, EV 86.2 MPH)
|
Batting: SHB Keith Mihas
|
0-0: Ball 1-0: Swinging Strike 1-1: Foul Ball, location: 2F 1-2: Strikes out swinging
|
Top of the 6th over - 1 run, 1 hit, 0 errors, 0 left on base; University of South Carolina 1 - Rice University 2 |
BOTTOM OF THE 6TH |
Rice University Owls batting - Pitching for University of South Carolina Gamecocks : RHP Chris Sisko
|
Pitching: LHP Cris Duran
|
|
Batting: RHB Bill Turcotte
|
0-0: Ball 1-0: Ground out U3 (Groundball, 34, EV 85.0 MPH)
|
Batting: RHB Javier Quinones
|
0-0: Called Strike 0-1: Swinging Strike 0-2: Fly out, F8 (Flyball, 8LD, EV 82.5 MPH)
|
Batting: RHB Emanuel Pulido
|
0-0: Fly out, F3 (Popup, 3L, EV 68.8 MPH)
|
Bottom of the 6th over - 0 runs, 0 hits, 0 errors, 0 left on base; University of South Carolina 1 - Rice University 2 |
TOP OF THE 7TH |
University of South Carolina Gamecocks batting - Pitching for Rice University Owls : RHP Bill Lightheart
|
Pitching: LHP Jose Ruiz
|
|
Batting: LHB Chris McNay
|
0-0: Foul Ball, location: 2F 0-1: Ball 1-1: Called Strike 1-2: Foul Ball, location: 2F 1-2: Ball 2-2: Ball 3-2: SINGLE (Line Drive, 89S, EV 103.8 MPH)
|
Pitching: RHP Michael Benford
|
|
Batting: RHB Brian Passalacqua
|
0-0: Called Strike 0-1: Foul Ball, location: 2F 0-2: Strikes out swinging
|
Batting: LHB David Fowler
|
0-0: Called Strike 0-1: Ball 1-1: Fly out, F8 (Flyball, 89S, EV 95.0 MPH)
|
Batting: RHB Phil Hanley
|
0-0: Ball Chris McNay steals 2nd base 1-0: Called Strike 1-1: Fly out, F7 (Line Drive, 7D, EV 93.1 MPH)
|
Top of the 7th over - 0 runs, 1 hit, 0 errors, 1 left on base; University of South Carolina 1 - Rice University 2 |
BOTTOM OF THE 7TH |
Rice University Owls batting - Pitching for University of South Carolina Gamecocks : LHP Cris Duran
|
Batting: SHB Wendel van Baal
|
0-0: Ball 1-0: Swinging Strike 1-1: Ball 2-1: Fly out, F7 (Flyball, 78M, EV 80.6 MPH)
|
Batting: RHB Alex Alvarez
|
0-0: Called Strike 0-1: Fly out, F7 (Flyball, 78S, EV 78.1 MPH)
|
Batting: RHB Jose Soto
|
0-0: Ball 1-0: Ball 2-0: Ball 3-0: Called Strike 3-1: Base on Balls
|
Batting: SHB Ken Wilson
|
0-0: Ball 1-0: Called Strike 1-1: Foul Ball, location: 2F 1-2: Strikes out swinging
|
Bottom of the 7th over - 0 runs, 0 hits, 0 errors, 1 left on base; University of South Carolina 1 - Rice University 2 |
TOP OF THE 8TH |
University of South Carolina Gamecocks batting - Pitching for Rice University Owls : RHP Michael Benford
|
Batting: RHB Jeff Swanson
|
0-0: Called Strike 0-1: Ground out 6-3 (Groundball, 6, EV 104.4 MPH)
|
Pinch Hitting: LHB Jörg Young
|
0-0: Ball 1-0: Called Strike 1-1: Ball 2-1: Swinging Strike 2-2: Ball 3-2: Base on Balls
|
Batting: RHB Justin Kurutz
|
0-0: Ball 1-0: Foul Ball, location: 2F 1-1: Called Strike 1-2: Strikes out swinging
|
Batting: LHB Bert Webster
|
0-0: Called Strike 0-1: Ball 1-1: Ball 2-1: Swinging Strike 2-2: SINGLE (Line Drive, 7LD, EV 101.9 MPH) Jörg Young to second
|
Batting: SHB Keith Mihas
|
0-0: Ball 1-0: Called Strike 1-1: Called Strike 1-2: Ball 2-2: Ball 3-2: Reached via error on a dropped throw from 1B, E1 (Groundball, 34, EV 78.8 MPH) Jörg Young to third Bert Webster to second
|
Batting: LHB Chris McNay
|
0-0: Called Strike 0-1: Ball 1-1: Ball 2-1: Foul Ball, location: 2F 2-2: Strikes out swinging
|
Top of the 8th over - 0 runs, 1 hit, 1 error, 3 left on base; University of South Carolina 1 - Rice University 2 |
BOTTOM OF THE 8TH |
Rice University Owls batting - Pitching for University of South Carolina Gamecocks : LHP Cris Duran
|
Pitching: RHP Bob Conway
|
|
Now at SS: Justin Kurutz
|
|
Now in LF: Jörg Young
|
|
Batting: LHB Chris Gonzales
|
0-0: Ball 1-0: Swinging Strike 1-1: Foul Ball, location: 2F 1-2: Foul Ball, location: 2F 1-2: Ball 2-2: Ball 3-2: Base on Balls
|
Batting: SHB Dave Van Sickle
|
0-0: Ground out 4-3 (Groundball, 34, EV 108.1 MPH) Chris Gonzales to second
|
Batting: RHB Bill Turcotte
|
0-0: Called Strike 0-1: Swinging Strike 0-2: Ball 1-2: Fly out, F8 (Flyball, 8RXD, EV 87.5 MPH) Runner from 2nd tags up, SAFE at 3rd, no throw by CF
|
Batting: RHB Javier Quinones
|
0-0: Called Strike 0-1: Swinging Strike 0-2: Foul Ball, location: 2F 0-2: Foul Ball, location: 2F 0-2: Ball 1-2: Ball 2-2: Fly out, F7 (Flyball, 7, EV 88.8 MPH)
|
Bottom of the 8th over - 0 runs, 0 hits, 0 errors, 1 left on base; University of South Carolina 1 - Rice University 2 |
TOP OF THE 9TH |
University of South Carolina Gamecocks batting - Pitching for Rice University Owls : RHP Michael Benford
|
Pitching: RHP Ben Filippone
|
|
Batting: RHB Brian Passalacqua
|
0-0: Called Strike 0-1: Ball 1-1: Foul Ball, location: 2F 1-2: Ball 2-2: Foul Ball, location: 2F 2-2: Ground out 6-3 (Groundball, 56S, EV 93.1 MPH)
|
Batting: LHB David Fowler
|
0-0: Foul Ball, location: 2F 0-1: Ball 1-1: Ground out U3 (Groundball, 3, EV 93.8 MPH)
|
Batting: RHB Phil Hanley
|
0-0: Ball 1-0: Foul Ball, location: 2F 1-1: SINGLE (Flyball, 56D, EV 90.0 MPH)
|
Pinch Hitting: LHB Corey Lomas
|
0-0: Ball 1-0: Foul Ball, location: 2F 1-1: Foul Ball, location: 2F 1-2: Ball 2-2: Fly out, F7 (Flyball, 78M, EV 92.5 MPH)
|
Top of the 9th over - 0 runs, 1 hit, 0 errors, 1 left on base; University of South Carolina 1 - Rice University 2 |
|